 Dungeon Crawl Stone Soup version 0.19-a0-1185-gacb3972 (webtiles) character file.

21196 Ijustatesigmund the Demolition Demonspawn (level 12, -22/97 HPs)
             Began as a Demonspawn Fighter on Aug 17, 2016.
             Was an Elder of Makhleb.
             Hit by a large rock thrown by a stone giant (45 damage)
             ... on level 2 of the Orcish Mines on Aug 18, 2016.
             The game lasted 00:49:53 (12949 turns).

Ijustatesigmund the Demolition Demonspawn (DsFi)   Turns: 12949, Time: 00:49:53

Health: -22/97     AC: 16    Str: 23    XL:     12   Next: 52%
Magic:  0/21       EV: 12    Int:  9    God:    Makhleb [****..]
Gold:   1415       SH: 16    Dex: 17    Spells: 0 memorised, 11 levels left

rFire  . . .     SeeInvis +     F - +2 broad axe (venom)
rCold  + . .     Gourm    .     t - +3 ring mail {rC+}
rNeg   . . .     Faith    .     c - +1 shield
rPois  .         Spirit   +     j - +0 hat
rElec  .         Dismiss  .     o - +1 cloak
rCorr  .         Reflect  +     k - +1 pair of gloves
MR     .....     Harm     .     (no boots)
Stlth  +.........               h - +4 amulet of reflection
                                B - ring of see invisible
                                G - +3 ring of protection

@: mighty
A: antennae 2, talons 1, spiny 2, magic shield, magic regeneration, no device
heal 1
a: Minor Destruction, Lesser Servant of Makhleb, Major Destruction, Renounce
Religion


You were on level 2 of the Orcish Mines.
You worshipped Makhleb.
Makhleb was greatly pleased with you.
You were hungry.

You visited 4 branches of the dungeon, and saw 16 of its levels.
You also visited: Labyrinth.

You collected 1487 gold pieces.
You spent 72 gold pieces at shops.

Inventory:

Hand Weapons
 F - a +2 broad axe of venom (weapon)
Missiles
 L - a javelin (quivered)
Armour
 c - a +1 shield (worn)
 d - a +1 plate armour of poison resistance
 j - a +0 hat (worn)
 k - a +1 pair of gloves (worn)
 o - a +1 cloak (worn)
 t - a +3 ring mail of cold resistance (worn)
 E - the +3 scale mail of the Pure Lives {rC- MR+ SInv}
   (You found it in a labyrinth)

   It makes you vulnerable to cold.
   It affects your resistance to hostile enchantments.
   It lets you see invisible.
Jewellery
 b - an uncursed ring of positive energy
 h - a +4 amulet of reflection (around neck)
 r - an uncursed ring of wizardry
 v - an uncursed ring of resist corrosion
 A - an uncursed ring of magical power
 B - a ring of see invisible (right hand)
 C - a +2 ring of strength
 G - a +3 ring of protection (left hand)
 K - an uncursed ring of ice
 P - an uncursed ring of flight
 U - an uncursed ring of wizardry
Wands
 a - a wand of iceblast (10/15)
 g - a wand of lightning (9/15)
 i - a wand of digging (4/24)
 O - a wand of teleportation (4/9)
 Q - a wand of acid (12/15)
Scrolls
 e - 6 scrolls of remove curse
 p - 2 scrolls of fog
 q - 3 scrolls of amnesia
 s - 2 scrolls of enchant armour
 y - 2 scrolls of immolation
 z - a scroll of blinking
 H - 2 scrolls of recharging
Potions
 l - 3 potions of cancellation
 n - 6 potions of curing
 u - a potion of flight
 I - a potion of brilliance
 N - a potion of agility
 S - 2 potions of lignification
Books
 m - a book of Burglary

   Spells                             Type                      Level
   a - Swiftness                      Charms/Air                   2
   b - Passwall                       Transmutation/Earth          2
   c - Passage of Golubria            Translocation                4
   d - Lee's Rapid Deconstruction     Earth                        5
   e - Darkness                       Hexes                        6
   f - Invisibility                   Hexes                        6
 w - a book of Alchemy

   Spells                             Type                      Level
   a - Sublimation of Blood           Necromancy                   2
   b - Ignite Poison                  Fire/Transmutation/Poison    3
   c - Petrify                        Transmutation/Earth          4
   d - Alistair's Intoxication        Transmutation/Poison         5
   e - Irradiate                      Conjuration/Transmutation    5
Comestibles
 f - 6 bread rations
 D - 5 slices of pizza
 J - 4 meat rations


   Skills:
 - Level 10.2 Fighting
 + Level 12.0 Axes
 - Level 4.0 Armour
 - Level 4.1 Dodging
 - Level 6.3 Shields
 + Level 13.1 Invocations


You had 11 spell levels left.
You didn't know any spells.

Dungeon Overview and Level Annotations

Branches:
Dungeon (12/15)            Temple (1/1) D:5            Lair (1/6) D:9
    Orc (2/2) D:10
    Elf: Orc:2

Altars:
Ashenzari
Cheibriados
Dithmenos
Elyvilon
Fedhas
Gozag
Hepliaklqana
Kikubaaqudgha
Makhleb
Nemelex Xobeh
Okawaru
Qazlal
Ru
Sif Muna
Trog
Uskayaw
Vehumet
Xom
Yredelemnul
Zin
The Shining One
Pakellas

Shops:
D:4 !   D:6 =   D:11 (   Orc:2 %?=[

Annotations:
D:11 Kirke
Orc:2 Josephine, Rupert


Innate Abilities, Weirdness & Mutations

You have a pair of antennae on your head.
You have sharp toenails.
You are mostly covered in sharp spines.
When hurt, damage is shared between your health and your magic reserves.
You regenerate magic rapidly.
Potions and wands are less effective at restoring your health.


Message History

* * * LOW HITPOINT WARNING * * *
An orc warrior comes into view. It is wielding a flail.
You slash the orc sorcerer!
You kill the orc sorcerer!
Makhleb accepts your kill.
You feel better.
The red devil disappears in a puff of smoke!
You hit the orc knight.
The orc knight is poisoned.
You slash the orc!
You kill the orc!
Makhleb accepts your kill.
You feel better.
You slash the orc knight!
The orc knight looks as sick as possible!
You slash the orc warrior!
The orc warrior looks as sick as possible!
You barely miss the orc knight.
Your surroundings suddenly seem different.
An ogre comes into view. It is wielding a giant club.
The ogre shouts!
The stone giant throws a large rock.
The large rock hits you!!!
You die...

#....oo# ##.......#
#........ #......(..
...............(....
.#
...............#....
.C.
..##..........###...
.....# ####.......
#..# .....## ...
##.# .......### ###
.......@.#
.........#
$.#....O## ###....
##... '.... #..##
..##


You could see a stone giant and an ogre.

Vanquished Creatures
  A minotaur (Lab)
  Erolcha (Orc:1)
  Fannar (Orc:1)
  4 skeletal warriors
  3 hill giants
  An orc knight (Orc:2)
  2 orc sorcerers (Orc:2)
  3 cyclopes
  3 manticores
  Joseph (D:10)
  A gargoyle (D:12)
  4 trolls
  A two-headed ogre (Orc:1)
  Grinder (D:3)
  Sigmund (D:3)
  A wraith (D:12)
  A human (D:7)
  A water elemental (D:11)
  4 wyverns
  Eustachio (D:5)
  2 hogs
  2 hungry ghosts
  3 hippogriffs
  A vampire mosquito (D:12)
  A mottled dragon (D:12)
  A soldier ant (D:12)
  2 water moccasins (D:12)
  17 orc warriors
  A sky beast (D:10)
  4 ice beasts
  7 ogres
  2 black bears
  4 phantoms
  A crocodile (Lair:1)
  5 centaurs
  A big kobold (D:12)
  3 giant frogs
  4 scorpions
  3 wights (D:11)
  5 howler monkeys
  9 crimson imps
  3 centaur zombies
  3 quasits
  8 orc priests
  5 hounds
  2 jellies
  A centaur skeleton (D:12)
  23 orc wizards
  A gnoll shaman (D:5)
  Terence (D:3)
  3 iguanas
  5 worker ants
  4 sheep (D:7)
  A hound zombie (D:10)
  2 hound skeletons
  21 gnolls
  17 adders
  A shadow imp (D:6)
  2 oozes
  An adder zombie (D:5)
  7 worms
  2 giant geckos
  59 orcs
  4 ball pythons
  3 bats
  7 giant cockroaches
  8 goblins
  8 hobgoblins
  7 jackals
  4 quokkas
  4 giant newts
  A jackal skeleton (D:5)
  14 kobolds
  A quokka skeleton (D:4)
  7 rats
  4 fungi (D:9)
358 creatures vanquished.

Vanquished Creatures (collateral kills)
  An ugly thing (D:12)
  A troll (Orc:2)
  A hog (D:12)
  A hippogriff (D:12)
  An orc wizard (Orc:2)
5 creatures vanquished.

Vanquished Creatures (others)
  2 centaurs
  A bush (D:7)
  A fungus (Lair:1)
4 creatures vanquished.

Grand Total: 367 creatures vanquished

Notes
Turn   | Place    | Note
-------+----------+-------------------------------------------
     0 | D:1      | Ijustatesigmund the Demonspawn Fighter began the quest for the Orb.
     0 | D:1      | Reached XP level 1. HP: 18/18 MP: 1/1
    76 | D:1      | Gained mutation: You are partially covered in sharp spines. [demonic ancestry]
    76 | D:1      | Reached XP level 2. HP: 4/24 MP: 2/2
   844 | D:1      | Reached XP level 3. HP: 27/29 MP: 3/3
  1256 | D:2      | You fall through a shaft!
  1264 | D:3      | Noticed Terence
  1275 | D:3      | Killed Terence
  1275 | D:3      | Gained mutation: You have sharp toenails. [demonic ancestry]
  1275 | D:3      | Reached XP level 4. HP: 36/37 MP: 4/4
  1392 | D:3      | Noticed Sigmund
  1396 | D:3      | Killed Sigmund
  1396 | D:3      | Reached XP level 5. HP: 43/43 MP: 5/5
  1555 | D:3      | Gained mutation: You are mostly covered in sharp spines. [demonic ancestry]
  1555 | D:3      | Reached XP level 6. HP: 49/49 MP: 6/6
  1566 | D:3      | Noticed Grinder
  1574 | D:3      | Paralysed by Grinder for 6 turns
  1593 | D:3      | Killed Grinder
  1593 | D:3      | Reached skill level 5 in Fighting
  1593 | D:3      | Reached skill level 5 in Axes
  2089 | D:2      | Reached XP level 7. HP: 52/56 MP: 7/7
  2994 | D:4      | Found Tinarisa's Distillery.
  2997 | D:4      | Bought 2 potions of curing for 72 gold pieces
  3224 | D:4      | Found a shadowy altar of Dithmenos.
  3423 | D:5      | Entered Level 5 of the Dungeon
  3435 | D:5      | Reached skill level 1 in Dodging
  3520 | D:5      | Reached XP level 8. HP: 64/64 MP: 8/8
  3729 | D:5      | Noticed Eustachio
  3748 | D:5      | Killed Eustachio
  3907 | D:5      | Found a staircase to the Ecumenical Temple.
  3911 | Temple   | Entered the Ecumenical Temple
  4003 | Temple   | Became a worshipper of Makhleb the Destroyer
  4186 | D:5      | Reached skill level 1 in Invocations
  4395 | D:6      | Reached skill level 2 in Invocations
  4471 | D:6      | Found Qyentis's Jewellery Boutique.
  4522 | D:6      | Reached skill level 3 in Invocations
  4541 | D:6      | Reached * piety under Makhleb
  4685 | D:6      | Reached skill level 4 in Invocations
  4862 | D:6      | Gained mutation: When hurt, damage is shared between your health and your magic reserves. [demonic ancestry]
  4862 | D:6      | Reached XP level 9. HP: 40/71 MP: 12/12
  5671 | D:7      | Reached skill level 5 in Invocations
  6298 | D:8      | Reached skill level 6 in Invocations
  6527 | D:9      | Found a staircase to the Lair.
  6558 | D:9      | Reached ** piety under Makhleb
  6638 | D:9      | Upgraded the game from 0.19-a0-1170-g18f0c96 to 0.19-a0-1185-gacb3972
  6762 | D:9      | Reached skill level 7 in Invocations
  7085 | D:10     | Entered Level 10 of the Dungeon
  7148 | D:10     | Noticed a manticore
  7161 | D:10     | Killed a manticore
  7161 | D:10     | Gained mutation: You regenerate magic rapidly. [demonic ancestry]
  7161 | D:10     | Reached XP level 10. HP: 29/81 MP: 7/15
  7439 | D:10     | Found a deep blue altar of Sif Muna.
  7480 | D:10     | Identified Sif Muna's Tome of Stolen Souls
  7513 | D:10     | Reached skill level 8 in Invocations
  7635 | D:10     | Found a staircase to the Orcish Mines.
  7700 | D:10     | Noticed a hill giant
  7710 | D:10     | Killed a hill giant
  7901 | D:10     | Noticed Joseph
  7914 | D:10     | Killed Joseph
  7914 | D:10     | Reached *** piety under Makhleb
  8498 | D:11     | Reached skill level 9 in Invocations
  8546 | D:11     | Reached skill level 5 in Shields
  8639 | D:11     | Found Ritwox's Weapon Shoppe.
  8766 | D:11     | Noticed a cyclops
  8974 | D:11     | Killed a cyclops
  8974 | D:11     | Gained mutation: You have a pair of small antennae on your head. [demonic ancestry]
  8974 | D:11     | Reached XP level 11. HP: 54/89 MP: 11/17
  9098 | D:11     | Identified a scroll of acquirement
  9273 | D:12     | Noticed Kirke
  9282 | D:11     | Noticed a sphinx
  9297 | D:11     | Reached **** piety under Makhleb
  9456 | D:12     | Noticed a skeletal warrior
  9456 | D:12     | Noticed a skeletal warrior
  9456 | D:12     | Noticed a skeletal warrior
  9456 | D:12     | Noticed a skeletal warrior
  9513 | Lair:1   | Entered Level 1 of the Lair of Beasts
  9559 | Lair:1   | Found a labyrinth entrance.
  9567 | Lab      | Entered a labyrinth
 10523 | Lab      | Noticed a minotaur
 10530 | Lab      | Killed a minotaur
 10573 | Lab      | Got a twisted scale mail
 10722 | Lab      | Identified the +3 scale mail of the Pure Lives {rC- MR+ SInv} (You found it in a labyrinth)
 10954 | D:10     | Reached skill level 10 in Fighting
 10964 | D:10     | Noticed a hill giant
 10974 | D:10     | Killed a hill giant
 11067 | D:11     | Killed a skeletal warrior
 11193 | D:12     | Noticed a hill giant
 11203 | D:12     | Reached skill level 10 in Axes
 11206 | D:12     | Killed a hill giant
 11436 | D:12     | Noticed a brown ugly thing
 11444 | D:12     | Killed a brown ugly thing
 11493 | D:12     | Gained mutation: You are occasionally teleported next to monsters. [potion of mutation]
 11493 | D:12     | Gained mutation: You are clumsy. (Dex -2) [potion of mutation]
 11493 | D:12     | Lost mutation: You are clumsy. (Dex -2) [potion of mutation]
 11494 | D:12     | Gained mutation: You passively map a small area around you. [potion of mutation]
 11494 | D:12     | Gained mutation: Potions and wands are less effective at restoring your health. [potion of mutation]
 11494 | D:12     | Gained mutation: Your flesh is heat resistant. (rF+) [potion of mutation]
 11495 | D:12     | Lost mutation: You are occasionally teleported next to monsters. [potion of cure mutation]
 11495 | D:12     | Lost mutation: You passively map a small area around you. [potion of cure mutation]
 11495 | D:12     | Lost mutation: Your flesh is heat resistant. (rF+) [potion of cure mutation]
 11528 | D:12     | Reached skill level 10 in Invocations
 11680 | D:12     | Killed a skeletal warrior
 12004 | D:12     | Killed a skeletal warrior
 12004 | D:12     | Reached skill level 11 in Invocations
 12165 | D:12     | Killed a skeletal warrior
 12165 | D:12     | Gained mutation: You have a pair of antennae on your head. [demonic ancestry]
 12165 | D:12     | Reached XP level 12. HP: 65/97 MP: 17/20
 12334 | D:12     | Noticed an eight-headed hydra
 12498 | Orc:1    | Entered Level 1 of the Orcish Mines
 12498 | Orc:1    | Noticed Erolcha
 12507 | Orc:1    | Killed Erolcha
 12611 | Orc:1    | Noticed Fannar
 12624 | Orc:1    | Killed Fannar
 12624 | Orc:1    | Reached skill level 12 in Invocations
 12655 | Orc:1    | Found a radiant altar of Vehumet.
 12781 | Orc:1    | Found a bloodstained altar of Trog.
 12820 | Orc:2    | Entered Level 2 of the Orcish Mines
 12927 | Orc:2    | Noticed Rupert
 12936 | Orc:2    | Noticed Josephine
 12944 | Orc:2    | Found Hyciux's Jewellery Boutique.
 12944 | Orc:2    | Found Qetamiy's Food Boutique.
 12944 | Orc:2    | Found Ithiw's Magic Scroll Emporium.
 12944 | Orc:2    | Found Kudd's Armour Emporium.
 12944 | Orc:2    | Noticed an orc high priest
 12944 | Orc:2    | Noticed an orc high priest
 12945 | Orc:2    | Noticed an orc high priest
 12948 | Orc:2    | Reached skill level 13 in Invocations
 12949 | Orc:2    | Hit by a large rock thrown by a stone giant

Vault maps used:
D:1:      scummos_arrival_simple_fountains, minmay_heptomino_l4
D:3:      first_bread, uniq_terence, uniq_grinder, uniq_sigmund
D:4:      nicolae_dithmenos_the_darkroom, serial_shops, shop_statue,
          sigmund_army
D:5:      wad_pebble_path, uniq_eustachio
D:6:      serial_shops, nicolae_shop_window_shopping
D:7:      minmay_klotski, grunt_livestock
D:8:      amethyst_killhole
D:9:      dpeg_oklobed_lair
D:10:     minmay_weird_star, david_orc_4, grunt_ministairs_1, led_sif_book,
          uniq_joseph
D:11:     serial_shops, shop
D:12:     hangedman_abyss_or_decor_stabs, uniq_kirke
Temple:   nicolae_temple_the_god_donut
Lair:1:   lab_entry_generic, uniq_grum
Orc:1:    basic_altar, bloody_trog, uniq_fannar, uniq_erolcha
Orc:2:    grunt_orc_tribal_feast, serial_shops, bzr_entry_safe, uniq_josephine,
          uniq_rupert
Lab:      labyrinth_mini_lab, lab_statue

Skill      XL: |  1  2  3  4  5  6  7  8  9 10 11 12 |
---------------+-------------------------------------+-----
Axes           | 2 3 4 5 6 7 8 9 11 12 | 12.0
Fighting       | 4 5 6 8 9 10 | 10.2
Armour         | 3 4 |  4.0
Dodging        | 1 2 4 |  4.1
Shields        | 3 5 6 |  6.3
Invocations    | 4 7 9 11 13 | 13.1

Action                   |  1- 3 |  4- 6 |  7- 9 | 10-12 || total
-------------------------+-------+-------+-------+-------++-------
Melee: War axe           |   100 |    71 |   424 |   199 ||   794
       Kick              |       |    18 |   137 |   168 ||   323
       Broad axe         |       |       |       |   293 ||   293
       Unarmed           |       |       |       |     2 ||     2
Throw: Javelin           |       |       |       |     4 ||     4
Invok: Minor Destruction |       |       |       |     4 ||     4
       Lesser Servant of |       |       |       |     4 ||     4
       Major Destruction |       |       |       |     2 ||     2
Evoke: Wand              |       |     6 |       |     7 ||    13
  Use: Scroll            |     6 |     3 |    12 |    17 ||    38
       Potion            |     1 |       |     3 |     7 ||    11
 Stab: Invisible         |       |       |       |     2 ||     2
       Distracted        |       |       |       |     1 ||     1
  Eat: Chunk             |     1 |     3 |    10 |     9 ||    23
       Beef jerky        |       |       |     1 |     2 ||     3
       Bread ration      |       |       |     1 |       ||     1
       Royal jelly       |       |       |     1 |       ||     1
       Fruit             |       |       |       |     7 ||     7
       Pizza             |       |       |       |     3 ||     3
Armor: Scale mail        |    38 |    21 |    31 |       ||    90
       Ring mail         |       |       |   101 |   173 ||   274
Dodge: Dodged            |    22 |    11 |   119 |   164 ||   316
Block: Shield            |    57 |    36 |   314 |   446 ||   853
       Reflection        |       |       |     7 |    25 ||    32
